 Dungeon Crawl Stone Soup version 0.29.1-2-gbd0b4ee654 (webtiles) character file.

Game seed: 29630830460921500

7 cdecastro the Ruffian (level 1, -3/16 HPs)
             Began as a Draconian Transmuter on Nov 2, 2022.
             Slain by a hobgoblin (4 damage)
             ... on level 1 of the Dungeon.
             The game lasted 00:00:30 (288 turns).

cdecastro the Ruffian (Draconian Transmuter)         Turns: 288, Time: 00:00:31

Health: -3/16      AC:  4    Str: 12    XL:     1   Next: 83%
Magic:  2/3        EV: 12    Int: 13    God:
Gold:   0          SH:  0    Dex: 11    Spells: 3/4 levels left

rFire   . . .      SeeInvis .     - Unarmed
rCold   . . .      Faith    .   (no shield)
rNeg    . . .      Spirit   .   (body armour unavailable)
rPois   .          Reflect  .   (helmet restricted)
rElec   .          Harm     .   (no cloak)
rCorr   .          Rampage  .   (no gloves)
Will    .....                   (no boots)
Stlth   +.........              (no amulet)
HPRegen 0.05/turn               (no ring)
MPRegen 0.08/turn               (no ring)

@: no status effects
A: AC +4, unfitting armour, cold-blooded
a: no special abilities


You were on level 1 of the Dungeon.
You visited 1 branch of the dungeon, and saw 1 of its levels.

Inventory:

Scrolls
 b - a scroll of noise {unknown}
Potions
 a - a potion of lignification
 c - a potion of haste {unknown}


   Skills:
 - Level 1.1 Fighting
 - Level 1.7 Dodging
 + Level 3.1 Unarmed Combat
 - Level 2.0 Spellcasting
 * Level 2.4 Transmutations


You had 3 spell levels left.
You knew the following spells:

 Your Spells              Type           Power      Damage    Failure   Level
a - Beastly Appendage     Tmut           14%        N/A       10%         1

Your spell library contained the following spells:

 Spells                   Type           Power      Damage    Failure   Level
 Wereblood                Tmut           7%         N/A       14%         2
 Spider Form              Tmut/Pois      4%         N/A       43%         3
 Ice Form                 Ice/Tmut       4%         N/A       83%         4


Dungeon Overview and Level Annotations

Branches:
Dungeon (1/15)

Altars:


Innate Abilities, Weirdness & Mutations

Your plain brown scales are hard. (AC +4)
You cannot fit into any form of body armour.
You are cold-blooded and may be slowed by cold attacks.


Message History

Your transformation is almost over.
The kobold misses you.
You hit the kobold.
You kill the kobold!
You hit the ball python but do no damage.
Your tail-slap misses the ball python.
The ball python bites you but does no damage.
The ball python grabs you. The ball python constricts you.
The ball python bites you.
* * * LOW HITPOINT WARNING * * *
The ball python constricts you.
* * * LOW HITPOINT WARNING * * *
You closely miss the ball python. Your kick misses the ball python.
Your headbutt misses the ball python.
Your tail-slap misses the ball python.
The ball python bites you but does no damage.
The ball python constricts you.
Unknown command.
You barely miss the ball python.
The ball python bites you but does no damage.
The ball python constricts you.
Unknown command.
You barely miss the ball python. The ball python bites you.
* * * LOW HITPOINT WARNING * * *
The ball python constricts you.
* * * LOW HITPOINT WARNING * * *
Unknown command.
You hit the ball python.
You claw the ball python, but do no damage.
You punch the ball python.
You kill the ball python!
Unknown command.
You closely miss the hobgoblin. Your kick misses the hobgoblin.
You tail-slap the hobgoblin, but do no damage.
The hobgoblin hits you.
* * * LOW HITPOINT WARNING * * *
You closely miss the hobgoblin.
Your horns disappear.
Your talons disappear.
The hobgoblin hits you but does no damage.
You barely miss the hobgoblin. The hobgoblin hits you.
You die...

#.≈≈§≈§.# #.≈≈≈≈≈§#
#.≈≈≈≈≈.# #..≈≈≈.. ..
.....##.... #......... ###.#
##.g.# ####.@### ##....##
#..#### ###.##
##################
#...####.................
#....##....>######..########
#.### ####### ##.## ..
#...### #...#...####


You could see a hobgoblin.

Vanquished Creatures
  A ball python (D:1)
  3 hobgoblins (D:1)
  A kobold (D:1)
  A rat (D:1)
6 creatures vanquished.

Notes
Turn   | Place    | Note
-------+----------+-------------------------------------------
     0 | D:1      | cdecastro the Draconian Transmuter began the quest for the
                  | Orb.
     0 | D:1      | Reached XP level 1. HP: 16/16 MP: 3/3
   288 | D:1      | Slain by a hobgoblin

Illustrated notes

Levels and vault maps discovered:
D:1:      minmay_arrival_split_and_join, layout_rooms, serial_shops, shop,
          nicolae_lakefront_shop, shop, nicolae_shop_behind_doors, st_stairs_2

Action                   || total
-------------------------++-------
Melee: Unarmed           ||    36
       Kick              ||     1
       Tailslap          ||     1
       Punch             ||     1
 Cast: Beastly Appendage ||     1
Armor: Skin              ||    12
Dodge: Dodged            ||    17
